 Dungeon Crawl Stone Soup version 0.26.1-15-g04117e645d (webtiles) character file.

Game seed: 3145366694632225635

52 Froggeryz the Cutter (level 3, 0/26 HPs)
             Began as an Octopode Berserker on May 6, 2022.
             Was a Believer of Trog.
             Slain by a quokka (3 damage)
             ... on level 2 of the Dungeon.
             The game lasted 00:00:51 (1634 turns).

Froggeryz the Cutter (Octopode Berserker)           Turns: 1634, Time: 00:00:52

Health: 0/26       AC:  1    Str: 16    XL:     3   Next: 85%
Magic:  3/3        EV: 14    Int:  9    God:    Trog [**....]
Gold:   89         SH:  0    Dex: 12    Spells: 2/2 levels left

rFire    . . .     SeeInvis .   c - +1 dagger (speed)
rCold    . . .     Faith    .   (no shield)
rNeg     . . .     Spirit   .   (helmet restricted)
rPois    .         Reflect  .   (no amulet)
rElec    .         Harm     .   (no ring)
rCorr    .         Rampage  .   (no ring)
Will     .....                  (no ring)
Stlth    +++.......             (no ring)
HPRegen  0.08/turn              (no ring)
MPRegen  0.08/turn              (no ring)
                                (no ring)
                                (no ring)

@: no status effects
A: almost no armour, stealthy swim, amphibious, 8 rings, constrict 8, camouflage
1, gelatinous body 1
a: Renounce Religion, Berserk, Trog's Hand


You were on level 2 of the Dungeon.
You worshipped Trog.
Trog was pleased with you.
You visited 1 branch of the dungeon, and saw 2 of its levels.

You collected 89 gold pieces.

Inventory:

Hand Weapons
 c - a +1 dagger of speed (weapon)
Jewellery
 g - an uncursed amulet of guardian spirit {unknown}
Scrolls
 a - a scroll of enchant weapon {unknown}
 b - 5 scrolls of identify {unknown}
 d - 2 scrolls of noise {unknown}
 e - a scroll of enchant armour {unknown}
 h - a scroll of amnesia {unknown}
Potions
 f - a potion of curing {unknown}
 i - a potion of magic {unknown}


   Skills:
 - Level 3.0 Fighting
 * Level 4.2 Short Blades
 - Level 3.0 Dodging
 + Level 2.5 Stealth


You had 2 spell levels left.
You didn't know any spells.
Your spell library was empty.

Dungeon Overview and Level Annotations

Branches:
Dungeon (2/15)

Altars:
Uskayaw


Innate Abilities, Weirdness & Mutations

You cannot wear most types of armour.
You are very stealthy in the water. (Stealth+)
You are amphibious.
You can wear up to eight rings at the same time.
You can use your tentacles to constrict eight enemies at once.
Your skin changes colour to match your surroundings (Stealth+).
Your rubbery body absorbs attacks. (AC +1, EV +1)


Message History

You are too injured to fight recklessly!
You release your grip on the gnoll.
The bat barely misses you. The bat closely misses you.
The bat barely misses you. The bat barely misses you.
The bat closely misses you. The bat misses you. The bat closely misses you.
The bat hits you.
* * * LOW HITPOINT WARNING * * *
The bat closely misses you. The bat hits you.
* * * LOW HITPOINT WARNING * * *
The bat hits you but does no damage. The bat hits you.
* * * LOW HITPOINT WARNING * * *
The bat hits you but does no damage. The bat hits you but does no damage.
There is an escape hatch in the ceiling here.
The bat closely misses you. The bat barely misses you. The quokka bites you.
You die...

......# ##. ..
...S.g###..## ##.#
.gK....r##.^## ...#
...####.##...###.#.#
#### #.###.).#..#.#
#.S.......##.#
#...##.†.....##.#.
#...g†..Srb.......
###....###..@.......
..###.....#.....##..##.#
............##.## ....
#.###......###.. #..#
#.#)....#### #.. .#
#.#....## #... .
#....### #... #.#..#
#.... .....# .......


You could see a gnoll, an adder, a quokka and a bat.

Vanquished Creatures
  A gnoll (D:2)
  A worm (D:2)
  2 leopard geckos
  A ball python (D:1)
  3 giant cockroaches (D:2)
  5 goblins
  2 hobgoblins (D:1)
  7 jackals
  7 bats
  4 frilled lizards
  A kobold (D:1)
  A rat (D:1)
35 creatures vanquished.

Notes
Turn   | Place    | Note
-------+----------+-------------------------------------------
     0 | D:1      | Froggeryz the Octopode Berserker began the quest for the
                  | Orb.
     0 | D:1      | Reached XP level 1. HP: 16/16 MP: 1/1
   225 | D:1      | Reached skill level 1 in Stealth
   334 | D:1      | Reached XP level 2. HP: 16/21 MP: 2/2
  1024 | D:1      | Reached XP level 3. HP: 23/26 MP: 3/3
  1455 | D:2      | Reached ** piety under Trog
  1456 | D:2      | Reached skill level 4 in Short Blades
  1603 | D:2      | Noticed a +0 hand axe
  1604 | D:2      | Noticed a +0 hand axe
  1605 | D:2      | Found a hide-covered altar of Uskayaw.
  1634 | D:2      | Slain by a quokka

Illustrated notes

Levels and vault maps discovered:
D:1:      nzn_arrival_settlement, layout_loops_corners
D:2:      layout_rooms, dancing_weapons_uskayaw

Skill      XL: |  1  2  3 |
---------------+----------+-----
Stealth        | 1 2 |  2.5
Short Blades   | 4 |  4.2
Fighting       | |  3.0
Dodging        | |  3.0

Action                   || total
-------------------------++-------
Melee: Dagger            ||    72
       Constrict         ||    21
       Tentacles         ||    14
       Short sword       ||     2
 Stab: Sleeping          ||     5
Armor: Skin              ||    12
Dodge: Dodged            ||    65
